 Dungeon Crawl Stone Soup version 0.19-a0-1655-gdd95918 (webtiles) character file.

9801 Reeven the Fanfare of Bloodshed (level 11, 0/94 HPs)
             Began as a Hill Orc Monk on Sept 19, 2016.
             Was a Believer of Makhleb.
             Slain by an ice beast (11 damage)
             ... on level 11 of the Dungeon on Sept 20, 2016.
             The game lasted 02:27:59 (12993 turns).

Reeven the Fanfare of Bloodshed (Hill Orc Monk)    Turns: 12993, Time: 02:28:01

Health: 0/94       AC: 11    Str: 17    XL:     11   Next: 52%
Magic:  23/23      EV: 12    Int: 10    God:    Makhleb [**....]
Gold:   581        SH: 12    Dex: 14    Spells: 0 memorised, 10 levels left

rFire  . . .     SeeInvis .     j - +3 hand axe (freeze)
rCold  . . .     Gourm    .     u - +1 robe {MR+}
rNeg   . . .     Faith    .     w - +0 shield
rPois  +         Spirit   .     k - +2 helmet
rElec  .         Dismiss  .     A - +1 cloak
rCorr  .         Reflect  +     q - +0 pair of gloves
MR     ++...     Harm     .     M - +1 pair of boots
Stlth  +++.......               K - +3 amulet of reflection
                                Q - ring of poison resistance
                                d - ring of protection from magic

@: no status effects
A: robust 1
a: Minor Destruction, Renounce Religion


You were on level 11 of the Dungeon.
You worshipped Makhleb.
Makhleb was pleased with you.
You were not hungry.

You visited 2 branches of the dungeon, and saw 13 of its levels.
You also visited: Ice Cave.

You collected 581 gold pieces.

Inventory:

Hand Weapons
 j - a +3 hand axe of freezing (weapon)
 z - a +4 quarterstaff of chaos
 X - a +4 rapier
Armour
 k - a +2 helmet (worn)
 m - a -1 scale mail
 q - a +0 pair of gloves (worn)
 r - a +1 leather armour of fire resistance
 u - a +1 robe of magic resistance (worn)
 w - a +0 shield (worn)
 A - a +1 cloak (worn)
 M - a +1 pair of boots (worn)
 W - a +2 robe of cold resistance
Jewellery
 d - a ring of protection from magic (left hand)
 K - a +3 amulet of reflection (around neck)
 O - an uncursed amulet of guardian spirit {unknown}
 Q - a ring of poison resistance (right hand)
 T - an uncursed ring of protection from cold {unknown}
Wands
 s - a wand of paralysis (16/24)
 y - a wand of iceblast (7/15)
 E - a wand of hasting (0/9)
 Y - a wand of confusion (27/48)
 Z - a wand of paralysis (18/24)
Scrolls
 e - a scroll of magic mapping {unknown}
 f - 4 scrolls of remove curse
 g - a scroll of recharging {unknown}
 h - 2 scrolls of random uselessness
 v - 2 scrolls of enchant weapon {unknown}
 F - a scroll of fog
 G - 4 scrolls of enchant armour {unknown}
 J - 3 scrolls of identify
 R - 2 scrolls of noise
 U - a scroll of amnesia {unknown}
 V - 2 scrolls of teleportation {unknown}
Potions
 i - a potion of curing
 l - a potion of degeneration {unknown}
 n - a potion of invisibility
 o - 3 potions of agility {unknown}
 t - a potion of mutation {unknown}
 x - 3 potions of flight {unknown}
 C - 3 potions of lignification {unknown}
 I - 3 potions of magic {unknown}
 P - a potion of heal wounds {unknown}
 S - 2 potions of brilliance {unknown}
Miscellaneous
 B - a sack of spiders
Comestibles
 a - a meat ration
 c - 6 bread rations
 p - 2 slices of pizza
 D - 4 fruits
 L - 6 royal jellies
 N - 3 beef jerkies


   Skills:
 + Level 5.0 Fighting
 * Level 9.3 Axes
 + Level 0.4 Armour
 + Level 4.1 Dodging
 * Level 5.6 Stealth
 + Level 3.1 Shields
 * Level 17.1 Invocations


You had 10 spell levels left.
You didn't know any spells.

Dungeon Overview and Level Annotations

Branches:
Dungeon (12/15)            Temple (1/1) D:4
   Lair: D:8-11         Orc: D:9-12

Altars:
Ashenzari
Cheibriados
Dithmenos
Elyvilon
Fedhas
Gozag
Hepliaklqana
Kikubaaqudgha
Makhleb
Nemelex Xobeh
Okawaru
Qazlal
Ru
Sif Muna
Trog
Uskayaw
Vehumet
Xom
Yredelemnul
Zin
The Shining One

Shops:
D:10 (


Innate Abilities, Weirdness & Mutations

You are robust. (+10% HP)


Message History

You block the iguana's attack. You block the ice beast's attack.
You climb downwards.
There is a stone staircase leading up here.
The ice beast closely misses you. The white ugly thing gores you!
The white ugly thing freezes you!!
* * * LOW HITPOINT WARNING * * *
You block the ice beast's attack.
The iguana bites you but does no damage.
The ice beast hits you but does no damage.
You climb upwards.
The ice beast hits you but does no damage. x2
There is a stone staircase leading down, spattered with blood here.
The ice beast barely misses you.
You block the white ugly thing's attack.
The ice beast barely misses you. You block the iguana's attack.
The ice beast hits you but does no damage.
The ice beast hits you.
* * * LOW HITPOINT WARNING * * *
The ice beast freezes you!
You die...

#.###.#####..# ##
##.# #...#
.###..# ###.#
(..#.## #)#
##.#.### #.#
.......# #.#
#########
..†....#
#.###.......###
#......#
#..##YYl......#
########
##...(@Y....#.###
##..Yu.........#
##...$........#
##....[......#
#...........#
#..............#
...##.......#####
## #########


You could see a white ugly thing, 4 ice beasts and an iguana.

Vanquished Creatures
  The ghost of edsrzf the Tainter, a novice DsVM of Cheibriados (D:10)
  A cyclops (D:8)
  Maurice (D:11)
  A gargoyle (D:11)
  A troll (D:9)
  Prince Ribbit (D:9)
  Grinder (D:6)
  A hippogriff (D:9)
  Sigmund (D:5)
  A wraith (D:10)
  3 yaks
  Menkaure (D:5)
  A soldier ant (D:8)
  A water moccasin (D:8)
  2 orc warriors (D:7)
  6 ice beasts
  2 black bears
  A slave (D:4)
  5 ogres
  2 sky beasts (D:7)
  2 wasps (D:8)
  A centaur (D:7)
  Blork the orc (D:6)
  3 bullfrogs
  The ghost of alcopop the Sneak, an amateur SpEn (D:3)
  2 scorpions
  8 wights
  A killer bee (D:10)
  A vampire bat (D:5)
  2 crimson imps
  A bullfrog zombie (D:10)
  A centaur zombie (D:5)
  3 hounds
  A jelly (D:7)
  10 orc wizards
  2 orc priests
  Crazy Yiuf (D:3)
  A centaur skeleton (D:5)
  Jessica (D:2)
  Ijyb (D:2)
  3 worker ants
  A hound skeleton (D:6)
  A worker ant zombie (D:7)
  3 gnolls (D:8)
  19 adders
  4 shadow imps
  4 oozes
  2 adder zombies
  An adder skeleton (D:8)
  3 worms
  2 dart slugs
  4 leopard geckos
  30 orcs
  9 bats
  5 giant cockroaches
  7 goblins
  10 hobgoblins
  10 jackals
  A quokka (D:3)
  A frilled lizard (D:2)
  9 kobolds
  A quokka zombie (D:8)
  8 rats
216 creatures vanquished.

Vanquished Creatures (collateral kills)
  Pikel (D:4)
  3 hill giants
  An ugly thing (D:11)
  A wyvern (D:11)
  8 yaks
  Eustachio (D:5)
  3 slaves (D:4)
  A sky beast (D:9)
  3 orc warriors (D:6)
  2 ice beasts (D:11)
  A crocodile (D:7)
  A bullfrog (D:10)
  A vampire bat (D:5)
  2 wights (D:9)
  A centaur zombie (D:10)
  2 hounds (D:7)
  4 orc priests
  A quasit (D:6)
  2 jellies (D:7)
  3 orc wizards
  2 worker ants
  A hound skeleton (D:4)
  14 orcs
  A jackal (D:11)
  A quokka (D:6)
  2 bats (D:5)
  A frilled lizard (D:5)
  A rat (D:3)
65 creatures vanquished.

Vanquished Creatures (others)
  A bush (D:9)
1 creature vanquished.

Grand Total: 282 creatures vanquished

Notes
Turn   | Place    | Note
-------+----------+-------------------------------------------
     0 | D:1      | Reeven the Hill Orc Monk began the quest for the Orb.
     0 | D:1      | Reached XP level 1. HP: 19/19 MP: 1/1
   330 | D:1      | Reached XP level 2. HP: 25/27 MP: 2/2
   840 | D:2      | Noticed Jessica
   847 | D:2      | Reached XP level 3. HP: 27/33 MP: 3/3
   857 | D:2      | Killed Jessica
  1134 | D:2      | Reached XP level 4. HP: 31/40 MP: 4/4
  1208 | D:2      | Reached skill level 5 in Axes
  1948 | D:2      | Noticed Ijyb
  1965 | D:2      | Killed Ijyb
  1965 | D:2      | Reached XP level 5. HP: 44/46 MP: 5/5
  2064 | D:2      | Found a burning altar of Makhleb.
  2121 | D:2      | Found an opulent altar of Gozag.
  2156 | D:2      | Became a worshipper of Makhleb the Destroyer
  2156 | D:2      | Reached * piety under Makhleb
  2156 | D:2      | Reached ** piety under Makhleb
  2225 | D:2      | Upgraded the game from 0.19-a0-1639-g740ae02 to 0.19-a0-1654-g9d3f708
  2675 | D:3      | Reached skill level 1 in Invocations
  2736 | D:3      | Noticed alcopop's ghost (amateur SpEn)
  2747 | D:3      | Killed alcopop's ghost
  2747 | D:3      | Reached skill level 3 in Invocations
  2747 | D:3      | Reached XP level 6. HP: 42/53 MP: 5/8
  2891 | D:3      | Found a blossoming altar of Fedhas.
  3085 | D:3      | Found a runed door.
  3089 | D:3      | Noticed Crazy Yiuf
  3092 | D:3      | Killed Crazy Yiuf
  3092 | D:3      | Reached *** piety under Makhleb
  3092 | D:3      | Reached skill level 4 in Invocations
  3775 | D:4      | Noticed Pikel
  3775 | D:4      | Noticed a slave
  3779 | D:4      | Noticed a slave
  3780 | D:4      | Noticed a slave
  3913 | D:4      | Reached skill level 5 in Invocations
  3916 | D:4      | Reached XP level 7. HP: 40/60 MP: 10/10
  3989 | D:4      | Upgraded the game from 0.19-a0-1654-g9d3f708 to 0.19-a0-1655-gdd95918
  4001 | D:4      | Found a staircase to the Ecumenical Temple.
  4021 | Temple   | Entered the Ecumenical Temple
  4426 | D:4      | Reached skill level 6 in Invocations
  4620 | D:4      | Reached skill level 7 in Invocations
  4854 | D:4      | Killed Pikel
  4854 | D:4      | Reached skill level 9 in Invocations
  4854 | D:4      | Reached XP level 8. HP: 38/67 MP: 12/14
  4934 | D:5      | Entered Level 5 of the Dungeon
  5149 | D:5      | Noticed Sigmund
  5153 | D:5      | Killed Sigmund
  5153 | D:5      | Reached skill level 1 in Shields
  5326 | D:5      | Reached skill level 10 in Invocations
  5364 | D:5      | Noticed Menkaure
  5373 | D:5      | Killed Menkaure
  5381 | D:5      | Noticed Eustachio
  5433 | D:5      | Killed Eustachio
  5433 | D:5      | Reached XP level 9. HP: 7/72 MP: 15/17
  6165 | D:6      | Reached skill level 11 in Invocations
  6373 | D:6      | Found a bloodstained altar of Trog.
  6378 | D:6      | HP: 3/72 [something (10)]
  6388 | D:6      | Killed Blork the orc
  6690 | D:6      | Noticed Grinder
  6698 | D:6      | Killed Grinder
  6996 | D:7      | Reached skill level 12 in Invocations
  7914 | D:7      | Found a white marble altar of Elyvilon.
  7985 | D:7      | Reached skill level 13 in Invocations
  8321 | D:7      | Reached XP level 10. HP: 80/80 MP: 19/19
  9022 | D:8      | Reached skill level 14 in Invocations
  9312 | D:8      | Noticed a cyclops
  9405 | D:8      | Killed a cyclops
 10092 | D:9      | Noticed Prince Ribbit
 10104 | D:9      | Killed Prince Ribbit
 10155 | D:9      | Gained mutation: You are robust. (+10% HP) [mutagenic meat]
 10176 | D:9      | Reached skill level 15 in Invocations
 10201 | D:9      | Reached **** piety under Makhleb
 10460 | D:9      | Reached skill level 5 in Stealth
 10904 | D:9      | Reached XP level 11. HP: 93/93 MP: 22/22
 10913 | D:10     | Entered Level 10 of the Dungeon
 10913 | D:10     | Noticed a hill giant
 10920 | D:10     | Killed a hill giant
 10920 | D:10     | Reached skill level 16 in Invocations
 11143 | D:10     | Noticed a hill giant
 11150 | D:10     | Killed a hill giant
 11244 | D:10     | Found Tiekkust's Antique Weapon Emporium.
 11569 | D:10     | Noticed edsrzf's ghost (novice DsVM)
 11614 | D:10     | Killed edsrzf's ghost
 12152 | D:11     | Noticed Maurice
 12266 | D:11     | Noticed a hill giant
 12283 | D:11     | Noticed a purple ugly thing
 12286 | D:11     | Killed a hill giant
 12300 | D:11     | Killed a green ugly thing
 12513 | D:11     | Killed Maurice
 12513 | D:11     | Reached skill level 5 in Fighting
 12513 | D:11     | Reached skill level 17 in Invocations
 12677 | D:11     | Found a frozen archway.
 12689 | IceCv    | Entered an ice cave
 12689 | IceCv    | Noticed a white ugly thing
 12993 | D:11     | Slain by an ice beast

Vault maps used:
D:1:      dpeg_arrival_signposts
D:2:      grunt_temple_overflow_open, kennysheep_big_empty_room,
          grunt_ministairs_14, moated_statue, minmay_pentomino_u4, uniq_iyjb,
          uniq_jessica
D:3:      fedhas_altar_2, uniq_crazy_yiuf_cottage
D:4:      uniq_pikel
D:5:      first_bread, minmay_guarded_unrand_vampires_tooth, uniq_eustachio,
          uniq_menkaure, uniq_sigmund
D:6:      overflow_temple_1_default, st_stairs_10, grunt_ministairs_5,
          uniq_grinder, uniq_blork_the_orc
D:7:      overflow_temple_1_default
D:8:      hangedman_pestilent_swarm
D:9:      minmay_klotski, uniq_prince_ribbit1
D:10:     serial_shops, shop_statue
D:11:     erik_lair_dragon, portal_ice_cave_entry_ice_beasts,
          grunt_decor_mini_mirrors, minmay_statues_item,
          kennysheep_generic_room_15, uniq_maurice
D:12:     wad_statue_garden, orc_david_3, uniq_psyche, uniq_nergalle
Temple:   minmay_temple_bridge_d
IceCv:    ice_cave_statue_garden_teleport

Skill      XL: |  1  2  3  4  5  6  7  8  9 10 11 |
---------------+----------------------------------+-----
Dodging        | 3 4 |  4.1
Fighting       | 4 5 |  5.0
Axes           | 5 6 7 8 9 |  9.3
Stealth        | 2 3 4 5 |  5.6
Invocations    | 3 5 9 10 13 15 17 | 17.1
Shields        | 1 2 3 |  3.1
Armour         | |  0.4

Action                   |  1- 3 |  4- 6 |  7- 9 | 10-12 || total
-------------------------+-------+-------+-------+-------++-------
Melee: Hand axe          |   101 |   160 |   169 |   131 ||   561
Invok: Minor Destruction |       |   101 |   181 |   188 ||   470
       Lesser Servant of |       |     2 |    10 |    21 ||    33
       Major Destruction |       |       |       |     1 ||     1
Evoke: Wand              |       |       |       |     1 ||     1
  Use: Scroll            |       |     2 |     5 |     2 ||     9
       Potion            |       |       |     4 |     2 ||     6
 Stab: Sleeping          |     1 |       |       |       ||     1
       Distracted        |       |       |       |     1 ||     1
  Eat: Chunk             |     1 |     9 |     3 |     3 ||    16
       Bread ration      |       |       |     2 |     1 ||     3
       Fruit             |       |       |     5 |       ||     5
       Royal jelly       |       |       |       |     3 ||     3
Armor: Robe              |     4 |    26 |    56 |    43 ||   129
       Ring mail         |    13 |    17 |       |       ||    30
       Scale mail        |       |    10 |       |       ||    10
Dodge: Dodged            |    59 |   110 |    48 |    64 ||   281
Block: Shield            |       |    14 |    83 |    93 ||   190
       Reflection        |       |       |     2 |     1 ||     3
